 Dungeon Crawl Stone Soup version 0.19.5 (webtiles) character file.

4494 BugsBunnySan the Ripper (level 10, -2/46 HPs)
             Began as a Felid Berserker on Mar 17, 2017.
             Was an Elder of Trog.
             Slain by a yak (14 damage)
             ... on level 10 of the Dungeon.
             The game lasted 00:32:08 (14336 turns).

BugsBunnySan the Ripper (Felid Berserker)          Turns: 14336, Time: 00:32:10

Health: -2/46      AC:  2    Str: 13    XL:     10   Next: 16%
Magic:  0/11       EV: 26    Int:  9    God:    Trog [****..]
Gold:   219        SH:  0    Dex: 21    Spells: 0 memorised, 9 levels left
                                        Lives:  0   Deaths: 2

rFire  . . .     SeeInvis +       - Unarmed
rCold  + . .     Gourm    .     (armour unavailable)
rNeg   . . .     Faith    .     (shield unavailable)
rPois  .         Spirit   +     (helmet unavailable)
rElec  .         Reflect  .     (cloak unavailable)
rCorr  .         Harm     .     (gloves unavailable)
MR     +++..                    (boots unavailable)
Stlth  +++++.....               e - amulet of guardian spirit
                                (no ring)
                                k - ring of protection from cold

@: exhausted, about to teleport, regenerating, slowed, slow
A: no armour, no weapons or thrown items, stealth, claws 1, fangs 3, see
invisible, agile 1, carnivore 3, speed 1, sense surroundings 1, robust 1, shaggy
fur 2, slow metabolism 1, sharp paws
a: Berserk, Trog's Hand, Brothers in Arms, Burn Spellbooks, Renounce Religion


You were on level 10 of the Dungeon.
You worshipped Trog.
Trog was greatly pleased with you.
You were full.

You visited 2 branches of the dungeon, and saw 14 of its levels.
You also visited: Sewer and Ice Cave.

You collected 639 gold pieces.
You spent 420 gold pieces at shops.

Inventory:

Jewellery
 e - an amulet of guardian spirit (around neck)
 k - a ring of protection from cold (left paw)
 I - an uncursed ring of resist corrosion
 O - an uncursed ring of positive energy
Scrolls
 c - 3 scrolls of teleportation
 f - 9 scrolls of remove curse
 j - 2 scrolls of blinking
 r - 2 scrolls of fear
 A - a scroll of magic mapping
 G - a scroll of fog
 N - 2 scrolls of amnesia {unknown}
Potions
 b - 11 potions of curing
 i - 4 potions of heal wounds
 l - a potion of ambrosia
 u - 2 potions of invisibility
 w - 4 potions of lignification
 x - 5 potions of flight
Books
 n - a book of Changes

   Spells                             Type                      Level
   a - Beastly Appendage              Transmutation                1
   b - Sticks to Snakes               Transmutation                2
   c - Spider Form                    Transmutation/Poison         3
   d - Ice Form                       Ice/Transmutation            4
   e - Blade Hands                    Transmutation                5
   Trog disapproves of the use of such an item.
 q - a book of Cantrips

   Spells                             Type                      Level
   a - Confusing Touch                Hexes                        1
   b - Animate Skeleton               Necromancy                   1
   c - Summon Small Mammal            Summoning                    1
   d - Apportation                    Translocation                1
   Trog disapproves of the use of such an item.
 L - a book of Minor Magic

   Spells                             Type                      Level
   a - Magic Dart                     Conjuration                  1
   b - Blink                          Translocation                2
   c - Call Imp                       Summoning                    2
   d - Repel Missiles                 Charms/Air                   2
   e - Slow                           Hexes                        2
   f - Conjure Flame                  Conjuration/Fire             3
   g - Mephitic Cloud                 Conjuration/Poison/Air       3
   Trog disapproves of the use of such an item.
Comestibles
 a - 8 meat rations
 g - 3 beef jerkies
 m - 3 royal jellies
 t - 2 slices of pizza


   Skills:
 + Level 4.1 Fighting
 + Level 9.0 Dodging
 + Level 10.0 Stealth
 * Level 15.2 Unarmed Combat


You had 9 spell levels left.
You didn't know any spells.

Dungeon Overview and Level Annotations

Branches:
Dungeon (13/15)            Temple (1/1) D:5            Lair (0/6) D:9
    Orc (0/2) D:10
 Vaults: D:13-14

Altars:
Ashenzari
Cheibriados
Dithmenos
Elyvilon
Fedhas
Gozag
Hepliaklqana
Kikubaaqudgha
Makhleb
Nemelex Xobeh
Okawaru
Qazlal
Ru
Sif Muna
Trog
Uskayaw
Vehumet
Xom
Yredelemnul
Zin
The Shining One

Shops:
D:4 !   D:5 [   D:9 !!=   D:10 %[[   D:11 [

Portals:
Trove: D:10 (give 4 potions of resistance)


Innate Abilities, Weirdness & Mutations

You cannot wear armour.
You are incapable of wielding weapons or throwing items.
Your paws allow you to move quietly. (Stealth)
You have sharp claws.
You have razor-sharp teeth.
You have supernaturally acute eyesight. (SInv)
You are carnivorous and can eat meat at any time.
You cover ground quickly.
You are covered in thick fur. (AC +2)
You have a slow metabolism.
Your sharp claws are effective at attacking unaware monsters.
You are agile. (Dex +2)
You passively map a small area around you.
You are robust. (+10% HP)


Message History

The yak completely misses you.
You scratch the hill giant.
The hill giant is moderately wounded.
The yak completely misses you. The yak gores you! The yak barely misses you.
There is a stone staircase leading up here.
You feel a strong urge to attack something.
The sky beast flickers out of sight for a moment.
The yak gores you! The yak misses you. The hill giant completely misses you.
You climb upwards.
You are no longer berserk.
You are exhausted.
You feel yourself slow down.
There is a stone staircase leading down here.
As you read the scroll of teleportation, it crumbles to dust.
You feel strangely unstable.
You hear a distant slurping noise.
The yak completely misses you. The yak closely misses you. The yak gores you!
* * * LOW HITPOINT WARNING * * *
The yak gores you!
You die...

....#..#.........'......#...#####
....#..#......(..######.#........
....#..#.........##...#.#........
....#..#...##....##...#........##
.......#...##....##...#'####...#
.......#...................#...##
.......#.........##...##...#.....
.......#.......CY##...##...#.....
.......#........@..........#.....
.......#...##...YY.........#.....
.......#...##....##........#.....
.......#...##....##........#.....
.......#..........#........#..###
.......#..........#...######..# #
#......#..........#...#.......# #
.......#.........######..<....###
.......#...#######.......⌠.⌠.....


You could see a hill giant and 3 yaks.

Vanquished Creatures
  Erolcha (D:9)
  A death knight (D:13)
  A hill giant (D:10)
  A phantasmal warrior (D:13)
  A cyclops (D:12)
  2 ugly things (IceCv)
  An elephant (D:9)
  3 ice statues (IceCv)
  2 freezing wraiths (D:13)
  3 hippogriffs
  A yak (D:9)
  A hungry ghost (D:13)
  Menkaure (D:5)
  A water moccasin (D:9)
  3 orc warriors
  2 sky beasts
  2 phantoms
  8 ice beasts
  A black bear (D:9)
  8 ogres
  3 centaurs
  6 big kobolds
  7 bullfrogs
  A gnoll sergeant (D:5)
  2 scorpions (D:8)
  5 killer bees (D:9)
  6 wights
  3 electric eels (D:6)
  2 howler monkeys (D:8)
  2 crimson imps
  A centaur zombie (D:5)
  8 hounds
  3 jellies (D:7)
  Crazy Yiuf (D:6)
  7 orc wizards
  5 iguanas
  8 worker ants
  Natasha (twice) (D:3)
  A hound zombie (D:5)
  Robin (D:3)
  14 gnolls
  A howler monkey skeleton (D:6)
  4 river rats (Sewer)
  12 adders
  A shadow imp (D:8)
  5 oozes
  An adder skeleton (D:5)
  5 worms
  12 leopard geckos
  43 orcs
  6 bats
  7 giant cockroaches
  13 goblins
  9 hobgoblins
  4 jackals
  16 kobolds
  4 quokkas
  2 ball pythons (Sewer)
  7 frilled lizards
  A leopard gecko skeleton (D:6)
  2 leopard gecko zombies
  A quokka skeleton (D:4)
  7 rats
  A plant (D:4)
296 creatures vanquished.

Vanquished Creatures (collateral kills)
  A hound (D:11)
  3 orcs (D:11)
4 creatures vanquished.

Vanquished Creatures (others)
  A kobold (D:11)
  A plant (D:6)
2 creatures vanquished.

Grand Total: 302 creatures vanquished

Notes
Turn   | Place    | Note
-------+----------+-------------------------------------------
     0 | D:1      | BugsBunnySan the Felid Berserker began the quest for the Orb.
     0 | D:1      | Reached XP level 1. HP: 10/10 MP: 2/2
   638 | D:2      | Reached XP level 2. HP: 14/14 MP: 3/3
  1730 | D:2      | Reached XP level 3. HP: 17/17 MP: 4/4
  1738 | D:2      | Found an iron altar of Okawaru.
  1748 | D:2      | Reached skill level 1 in Stealth
  1804 | D:2      | Reached skill level 4 in Unarmed Combat
  1978 | D:2      | Reached ** piety under Trog
  2147 | D:3      | Noticed Natasha
  2154 | D:3      | Killed Natasha
  2154 | D:3      | Reached XP level 4. HP: 16/21 MP: 5/5
  2270 | D:3      | Noticed Natasha
  2279 | D:3      | Killed Natasha
  2796 | D:3      | Noticed Robin
  2831 | D:3      | HP: 1/21 [Robin/goblin (1)]
  2832 | D:3      | Killed Robin
  2834 | D:3      | Reached XP level 5. HP: 2/24 MP: 6/6
  3472 | D:5      | Entered Level 5 of the Dungeon
  3483 | D:5      | Reached skill level 5 in Unarmed Combat
  3545 | D:5      | Noticed Menkaure
  3553 | D:5      | Killed Menkaure
  3553 | D:5      | Reached skill level 6 in Unarmed Combat
  3553 | D:5      | Gained mutation: You are covered in thick fur. (AC +2) [Felid growth]
  3553 | D:5      | Reached XP level 6. HP: 18/28 MP: 7/7
  3757 | D:5      | Found Meoff's Armour Emporium.
  3770 | D:5      | Found a staircase to the Ecumenical Temple.
  3798 | D:5      | Found a glowing drain.
  3834 | Sewer    | Entered a sewer
  3902 | Sewer    | Reached skill level 7 in Unarmed Combat
  4039 | Sewer    | Reached XP level 7. HP: 31/31 MP: 8/8
  4294 | Sewer    | Reached skill level 5 in Dodging
  4539 | Sewer    | Reached *** piety under Trog
  4747 | Sewer    | Reached skill level 8 in Unarmed Combat
  5185 | Sewer    | Reached skill level 5 in Stealth
  5315 | D:5      | Reached XP level 8. HP: 34/34 MP: 9/9
  5528 | D:5      | Found a deep blue altar of Sif Muna.
  6055 | D:4      | Found Putres's Distillery.
  6062 | D:4      | Bought a potion of flight for 39 gold pieces
  6062 | D:4      | Bought a potion of curing for 39 gold pieces
  6062 | D:4      | Bought a potion of lignification for 39 gold pieces
  6062 | D:4      | Bought a potion of curing for 39 gold pieces
  6097 | D:4      | Reached skill level 9 in Unarmed Combat
  6821 | D:4      | Reached **** piety under Trog
  7521 | D:6      | Reached skill level 10 in Unarmed Combat
  7866 | D:6      | Reached XP level 9. HP: 33/38 MP: 10/10
  8000 | D:6      | Found a runed door.
  8004 | D:6      | Noticed Crazy Yiuf
  8008 | D:6      | Killed Crazy Yiuf
  9017 | D:7      | Reached skill level 11 in Unarmed Combat
  9681 | D:7      | Found a sparkling altar of Nemelex Xobeh.
 10319 | D:8      | Reached skill level 12 in Unarmed Combat
 10336 | D:8      | Found an ancient bone altar of Kikubaaqudgha.
 10503 | D:8      | Reached XP level 10. HP: 42/42 MP: 11/11
 10507 | D:8      | Found a hazy altar of Hepliaklqana.
 10549 | D:9      | Noticed Erolcha
 10558 | D:9      | Killed Erolcha
 10559 | D:9      | Found Jetsilye's Distillery.
 10741 | D:8      | Found a shattered altar of Ashenzari.
 11065 | D:9      | Found a staircase to the Lair.
 11065 | D:9      | Noticed an elephant
 11091 | D:9      | Killed an elephant
 11091 | D:9      | Reached skill level 13 in Unarmed Combat
 11178 | D:9      | Found Eqymuc's Jewellery Emporium.
 11477 | D:10     | Entered Level 10 of the Dungeon
 11477 | D:10     | Found Zyneciosm's Armour Boutique.
 11525 | D:9      | Bought a potion of curing for 36 gold pieces
 11525 | D:9      | Bought a potion of flight for 36 gold pieces
 11525 | D:9      | Bought a potion of invisibility for 96 gold pieces
 11525 | D:9      | Bought a potion of invisibility for 96 gold pieces
 11921 | D:9      | Found Qiyfus's Distillery.
 11934 | D:9      | You fall through a shaft for 2 floors!
 11934 | D:11     | Noticed a gargoyle
 11950 | D:11     | You fall through a shaft for 2 floors!
 12078 | D:13     | Noticed a death knight
 12078 | D:13     | Noticed a phantasmal warrior
 12081 | D:13     | Killed a phantasmal warrior
 12084 | D:13     | Killed a death knight
 12084 | D:13     | Reached skill level 14 in Unarmed Combat
 12084 | D:13     | Reached XP level 11. HP: 46/46 MP: 12/12
 12245 | D:11     | Found a frozen archway.
 12256 | D:11     | Demolished by a centaur warrior simulacrum
 12257 | D:11     | Reached XP level 10. HP: -20/42 MP: 11/11
 12281 | IceCv    | Entered an ice cave
 12545 | IceCv    | Noticed a white ugly thing
 12559 | IceCv    | Noticed an ice statue
 12559 | IceCv    | Noticed an ice statue
 12569 | IceCv    | Killed a white ugly thing
 12574 | IceCv    | Gained mutation: You passively map a small area around you. [mutagenic meat]
 12607 | IceCv    | Noticed an ice statue
 12613 | IceCv    | Killed an ice statue
 12623 | IceCv    | Noticed a white ugly thing
 12626 | IceCv    | Killed an ice statue
 12634 | IceCv    | Killed an ice statue
 12641 | IceCv    | Slain by a white ugly thing
 12642 | IceCv    | Reached XP level 9. HP: -2/58 MP: 0/10
 12657 | IceCv    | Killed a white ugly thing
 12662 | IceCv    | Gained mutation: You are agile. (Dex +2) [mutagenic meat]
 12663 | IceCv    | Gained mutation: You are robust. (+10% HP) [mutagenic meat]
 12855 | D:10     | Found a portal to a secret trove of treasure.
 12858 | D:10     | Noticed a hill giant
 12865 | D:10     | Killed a hill giant
 12865 | D:10     | Reached skill level 15 in Unarmed Combat
 12865 | D:10     | Reached XP level 10. HP: 46/46 MP: 11/11
 12903 | D:10     | Found Xoigy Jogeu's Antique Armour Emporium.
 12973 | D:10     | Found a staircase to the Orcish Mines.
 13195 | D:10     | Found Ithit's Food Shoppe.
 13453 | D:10     | Reached skill level 10 in Stealth
 13666 | D:11     | Found Unaor's Antique Armour Emporium.
 13666 | D:11     | Noticed a hill giant
 13987 | Temple   | Entered the Ecumenical Temple
 14336 | D:10     | Slain by a yak

Skill      XL: |  1  2  3  4  5  6  7  8  9 10 |
---------------+-------------------------------+-----
Stealth        | 2 3 4 5 6 7 10 | 10.0
Unarmed Combat | 4 6 7 8 10 15 14 | 15.2
Dodging        | 5 6 9 8 |  9.0
Fighting       | 4 |  4.1

Action                   |  1- 3 |  4- 6 |  7- 9 | 10-12 || total
-------------------------+-------+-------+-------+-------++-------
Melee: Unarmed           |    87 |   101 |   398 |   205 ||   791
       Bite              |     9 |     6 |    46 |    27 ||    88
       Punch             |     1 |     2 |    14 |    22 ||    39
Invok: Berserk           |     2 |     7 |    17 |    13 ||    39
       Trog's Hand       |     1 |     4 |     5 |    10 ||    20
       Brothers in Arms  |       |       |       |     1 ||     1
Evoke: Wand              |       |       |     1 |       ||     1
  Use: Scroll            |       |     7 |     1 |    12 ||    20
       Potion            |       |       |       |     2 ||     2
 Stab: Sleeping          |     5 |     7 |    17 |    10 ||    39
       Distracted        |       |       |     2 |     2 ||     4
       Invisible         |       |       |       |     6 ||     6
  Eat: Chunk             |    11 |    11 |    34 |    23 ||    79
Armor: Skin              |     4 |     6 |     8 |     5 ||    23
Dodge: Dodged            |    50 |    79 |   279 |   164 ||   572
